 Dungeon Crawl Stone Soup version 0.32-a0-43-g058985b245 (webtiles) character file.

Game seed: 11973487271904803496

417 jlumianski the Ruffian (level 6, -3/47 HPs)
             Began as a Gnoll Shapeshifter on Feb 4, 2024.
             Slain by a gnoll
             ... wielding a +3 halberd
              (10 damage)
             ... on level 3 of the Dungeon.
             The game lasted 00:10:39 (3509 turns).

jlumianski the Ruffian (Gnoll Shapeshifter)         Turns: 3509, Time: 00:10:40

Health: -3/47      AC:  8    Str: 16    XL:     6   Next: 92%
Magic:  9/9        EV:  8    Int:  9    God:
Gold:   174        SH:  0    Dex: 11    Spells: 9/9 levels left

rFire   . .          .
                       - Unarmed
rCold   . . .        (no shield)
rNeg    . . .        m - +0 chain mail
rPois   .            (helmet currently unavailable)
rElec   .            (cloak currently unavailable)
rCorr   .            (gloves currently unavailable)
SInv    .            (boots currently unavailable)
Will    .....        (no amulet) Stlth
                     (no ring)
HPRegen 0.27/turn    (no ring)
MPRegen 0.11/turn

%: no passive effects
@: about to teleport, beast-form
A: beast (slay +3), fangs 1, strong nose, distributed training
a: Begin Untransformation


You were on level 3 of the Dungeon.
You were a hulking beast.
You visited 1 branch of the dungeon, and saw 4 of its levels.

You collected 174 gold pieces.

Inventory:

Missiles
 l - 8 poisoned darts (quivered)
 t - 5 boomerangs
Armour
 a - a +0 animal skin
 e - a +0 scale mail
 m - a +0 chain mail (worn)
 u - a +0 helmet
Magical Staves
 p - a staff of alchemy
Talismans
 c - a beast talisman
 d - a flux talisman
Scrolls
 f - a scroll of enchant weapon {unknown}
 g - a scroll of blinking {unknown}
 i - 2 scrolls of teleportation
 q - a scroll of enchant armour {unknown}
 s - 2 scrolls of immolation {unknown}
 v - a scroll of noise {unknown}
Potions
 b - 2 potions of lignification
 h - a potion of curing
 j - a potion of might
 k - a potion of enlightenment
 n - a potion of degeneration {unknown}
 o - a potion of heal wounds {unknown}
 w - a potion of attraction {unknown}
 x - a potion of magic {unknown}


   Skills:
 + Level 3.4 Fighting
 + Level 2.2 Short Blades
 + Level 2.2 Long Blades
 + Level 2.2 Axes
 + Level 2.2 Maces & Flails
 + Level 2.2 Polearms
 + Level 2.2 Staves
 + Level 2.2 Ranged Weapons
 + Level 2.2 Throwing
 + Level 2.2 Armour
 + Level 5.1 Dodging
 + Level 2.2 Stealth
 + Level 2.2 Shields
 + Level 6.9 Unarmed Combat
 + Level 2.2 Spellcasting
 + Level 1.8 Conjurations
 + Level 1.8 Hexes
 + Level 1.8 Summonings
 + Level 1.8 Necromancy
 + Level 1.8 Translocations
 + Level 1.8 Fire Magic
 + Level 1.8 Ice Magic
 + Level 1.8 Air Magic
 + Level 1.8 Earth Magic
 + Level 1.8 Alchemy
 + Level 2.5 Invocations
 + Level 2.2 Evocations
 + Level 6.8 Shapeshifting


You had 9 spell levels left.
You didn't know any spells.
Your spell library contained the following spells:

 Spells                   Type           Power      Damage    Failure   Level
 Apportation              Tloc           8%         N/A       89%         1
 Necrotise                Necr           16%        1d4       89%         1
 Sting                    Conj/Alch      16%        1d4       89%         1
 Summon Small Mammal      Summ           16%        N/A       89%         1
 Ensorcelled Hibernation  Hex/Ice        8%         N/A       96%         2
 Passwall                 Erth           4%         N/A       99%         3
 Swiftness                Air            4%         N/A       99%         3


Dungeon Overview and Level Annotations

Branches:
Dungeon (4/15)
 Temple: D:4-7

Altars:
Trog

Shops:
D:3 :   D:4 *


Innate Abilities, Weirdness & Mutations

You are a hulking beast.
Your limbs bulge with bestial killing power. (Slay +3)
You have very sharp teeth.
Your uncanny sense of smell can sniff out nearby items.
Your experience applies equally to all skills.


Message History

The gnoll closely misses you. The ribbon worm bites you.
The orc hits you but does no damage. The gnoll barely misses you.
You climb upwards.
There is a stone staircase leading down here.
The orc hits you with a +0 trident!
The ribbon worm expels a string of sticky webbing.
The stream of webbing hits you but does no damage.
You are caught in a web!
The gnoll hits you but does no damage.
There is a web, spattered with blood here.
You struggle to detach yourself from the web.
The orc hits you with a +0 trident. The gnoll completely misses you.
The web tears apart.
The ribbon worm bites you but does no damage.
The orc hits you with a +0 trident.
The gnoll hits you from afar with a +3 halberd.
The ribbon worm bites you. The orc closely misses you.
The orc closely misses you.
There is an open door here.
The gnoll attacks as it pursues you!
The gnoll hits you from afar with a +3 halberd!
* * * LOW HITPOINT WARNING * * *
The ribbon worm attacks as it pursues you!
The ribbon worm bites you.
* * * LOW HITPOINT WARNING * * *
You see here a +0 club.
The ribbon worm bites you but does no damage.
The gnoll barely misses you.
You hit the ribbon worm.
The ribbon worm is moderately wounded.
The ribbon worm bites you but does no damage.
The gnoll hits you from afar with a +3 halberd.
* * * LOW HITPOINT WARNING * * *
It was a potion of curing.
You feel better.
The ribbon worm bites you but does no damage.
The gnoll hits you from afar with a +3 halberd.
* * * LOW HITPOINT WARNING * * *
As you read the scroll of teleportation, it crumbles to dust.
You feel strangely unstable.
The gnoll hits you from afar with a +3 halberd!
You die...

........#.# #............#
........#.# #............#
........#.# #............#
........#.# #...>........#
#########.###.......)....#
#..........o........#
#.......###g#########
#.......# #w# #.......#
#h# #.......# #)#
#.......# #.# #.......#
#.# #.......# #.#
######'####.# #......#
########


You could see a ribbon worm, a gnoll and an orc.

Vanquished Creatures
  An ogre (D:4)
  2 scorpions (D:4)
  A howler monkey (D:4)
  A sleepcap (D:4)
  4 adders (D:2)
  2 dart slugs
  3 ribbon worms
  8 orcs
  4 ball pythons
  4 endoplasms
  6 giant cockroaches
  7 goblins
  11 hobgoblins
  9 jackals
  4 quokkas
  9 bats
  4 frilled lizards
  9 kobolds
  A rat (D:1)
90 creatures vanquished.

Notes
Turn   | Place    | Note
-------+----------+-------------------------------------------
     0 | D:1      | jlumianski the Gnoll Shapeshifter began the quest for the
                  | Orb.
     0 | D:1      | Reached XP level 1. HP: 17/17 MP: 1/1
   175 | D:1      | Reached XP level 2. HP: 23/23 MP: 2/2
   485 | D:1      | Reached XP level 3. HP: 26/28 MP: 3/3
   720 | D:1      | Reached skill level 1 in Invocations
  1164 | D:2      | Reached skill level 1 in Short Blades
  1164 | D:2      | Reached skill level 1 in Long Blades
  1164 | D:2      | Reached skill level 1 in Axes
  1164 | D:2      | Reached skill level 1 in Maces & Flails
  1164 | D:2      | Reached skill level 1 in Polearms
  1164 | D:2      | Reached skill level 1 in Staves
  1164 | D:2      | Reached skill level 1 in Ranged Weapons
  1164 | D:2      | Reached skill level 1 in Throwing
  1164 | D:2      | Reached skill level 1 in Armour
  1164 | D:2      | Reached skill level 1 in Stealth
  1164 | D:2      | Reached skill level 1 in Shields
  1164 | D:2      | Reached skill level 1 in Spellcasting
  1164 | D:2      | Reached skill level 1 in Evocations
  1344 | D:2      | Reached XP level 4. HP: 31/34 MP: 5/5
  1723 | D:2      | Reached skill level 1 in Conjurations
  1723 | D:2      | Reached skill level 1 in Hexes
  1723 | D:2      | Reached skill level 1 in Summonings
  1723 | D:2      | Reached skill level 1 in Necromancy
  1723 | D:2      | Reached skill level 1 in Translocations
  1723 | D:2      | Reached skill level 1 in Fire Magic
  1723 | D:2      | Reached skill level 1 in Ice Magic
  1723 | D:2      | Reached skill level 1 in Air Magic
  1723 | D:2      | Reached skill level 1 in Earth Magic
  1723 | D:2      | Reached skill level 1 in Alchemy
  2184 | D:3      | Reached XP level 5. HP: 40/40 MP: 7/7
  2231 | D:3      | Found Gyxisaun's Book Emporium.
  2660 | D:4      | Found a bloodstained altar of Trog.
  2826 | D:4      | Noticed an ogre
  2834 | D:4      | HP: 2/41 [ogre/+0 giant spiked club (12)]
  2835 | D:4      | Killed an ogre
  2836 | D:4      | Reached XP level 6. HP: 2/47 MP: 8/8
  3052 | D:4      | Found Daj Pusonwurph's Mass Market.
  3101 | D:4      | Reached skill level 5 in Dodging
  3124 | D:4      | HP: 1/47 [sleepcap (5)]
  3509 | D:3      | Slain by a gnoll

Illustrated notes

Levels and vault maps discovered:
D:1:      lightli_arrival_lavapool, layout_basic
D:2:      layout_basic
D:3:      layout_basic, serial_shops, nicolae_lakefront_shop,
          minmay_increasing_density
D:4:      layout_layer_cave, mainiacjoe_overflow_concentric_impassable,
          kennysheep_little_box, kennysheep_path_1, minmay_shop_mass

Skill      XL: |  1  2  3  4  5  6 |
---------------+-------------------+-----
Invocations    | 1 2 |  2.5
Short Blades   | 1 2 |  2.2
Long Blades    | 1 2 |  2.2
Axes           | 1 2 |  2.2
Maces & Flails | 1 2 |  2.2
Polearms       | 1 2 |  2.2
Staves         | 1 2 |  2.2
Ranged Weapons | 1 2 |  2.2
Throwing       | 1 2 |  2.2
Armour         | 1 2 |  2.2
Stealth        | 1 2 |  2.2
Shields        | 1 2 |  2.2
Spellcasting   | 1 2 |  2.2
Evocations     | 1 2 |  2.2
Conjurations   | 1 |  1.8
Hexes          | 1 |  1.8
Summonings     | 1 |  1.8
Necromancy     | 1 |  1.8
Translocations | 1 |  1.8
Fire Magic     | 1 |  1.8
Ice Magic      | 1 |  1.8
Air Magic      | 1 |  1.8
Earth Magic    | 1 |  1.8
Alchemy        | 1 |  1.8
Fighting       | 3 |  3.4
Dodging        | 5 |  5.1
Unarmed Combat | |  6.9
Shapeshifting  | |  6.8

Action                     |  1- 3 |  4- 6 || total
---------------------------+-------+-------++-------
  Melee: Unarmed           |    69 |   125 ||   194
         Bite              |     3 |     7 ||    10
         Punch             |     2 |     4 ||     6
  Throw: Dart              |       |    11 ||    11
    Use: Scroll            |       |     4 ||     4
         Potion            |       |     1 ||     1
   Stab: Sleeping          |     1 |       ||     1
 Armour: Scale mail        |    19 |       ||    19
         Animal skin       |     2 |       ||     2
         Chain mail        |    16 |   130 ||   146
  Dodge: Dodged            |    29 |    71 ||   100

Table legend: (Time is in decaauts)
 A = Elapsed time spent in this place.
 B = Non-inter-level travel time spent in this place.
 C = Inter-level travel time spent in this place.
 D = Time resting spent in this place.
 E = Time spent auto-exploring this place.
 F = Levels seen in this place.
 G = Mean time per level.
                   A        B        C        D        E       F      G
               +--------+--------+--------+--------+--------+-----+--------+
         Total |   3489 |   3473 |     16 |    330 |   2141 |   4 |  872.2 |
       Dungeon |   3489 |   3473 |     16 |    330 |   2141 |   4 |  872.2 |
               +--------+--------+--------+--------+--------+-----+--------+

Top non-repeatable levels by time:
     D:2: 1004 daAuts
     D:1: 892 daAuts
     D:3: 853 daAuts
     D:4: 738 daAuts
